 Dungeon Crawl Stone Soup version 0.14-a0-1192-g192f278 (webtiles) character file.

2415 PolkaDot the Reanimator (level 9, -4/57 HPs)
             Began as a Vampire Necromancer on Nov 30, 2013.
             Was a Follower of Sif Muna.
             Shot with a sling bullet of flame by Joseph (11 damage)
             ... on Level 8 of the Dungeon.
             The game lasted 00:35:35 (6441 turns).

PolkaDot the Reanimator (Vampire Necromancer)       Turns: 6441, Time: 00:35:35

HP  -4/57        AC 13     Str 11      XL: 9   Next: 11%
MP   0/18        EV 13     Int 20      God: Sif Muna [*.....]
Gold 243         SH  0     Dex 15      Spells:  5 memorised,  1 level left

rFire  . . .     SeeInvis +     E - staff of death
rCold  + + +     Clarity  .     G - +1 robe "Estast" {Str+4 Int+3}
rNeg   + + +     Conserve .     (no shield)
rPois  +         rCorr    .     B - +1 helmet "Smelaype" {rElec rC+ Int-2}
rElec  +         rRot     +     (no cloak)
SustAb . .       Spirit   .     g - +0 pair of gauntlets
rMut   .         Warding  .     y - +0 pair of boots
Saprov . . .     Stasis   .     (no amulet)
                                z - cursed ring of wizardry
                                c - cursed +6 ring of protection

@: regenerating slowly, about to teleport, somewhat resistant to hostile
enchantments, quite stealthy
A: bottle blood, fangs 3, see invisible, unbreathing
a: Bat Form, Bottle Blood, Channel Energy, Renounce Religion


You were on level 8 of the Dungeon.
You worshipped Sif Muna.
Sif Muna was aware of your devotion.
You were near bloodless.

You visited 2 branches of the dungeon, and saw 9 of its levels.

You collected 320 gold pieces.
You spent 77 gold pieces at shops.

Inventory:

Hand weapons
 h - a +4,+2 dagger of venom
Armour
 g - a +0 pair of gauntlets (worn)
 s - a +0 helmet of see invisible
 y - a +0 pair of boots (worn)
 B - the +1 helmet "Smelaype" (worn) {rElec rC+ Int-2}
   (You found it on level 5 of the Dungeon)

   It affects your intelligence (-2).
   It protects you from cold.
   It insulates you from electricity.
 G - the +1 robe "Estast" (worn) {Str+4 Int+3}
   (You found it on level 7 of the Dungeon)

   It affects your strength (+4).
   It affects your intelligence (+3).
Magical devices
 F - a wand of fire (8)
Scrolls
 d - a scroll of enchant weapon I
 j - 2 scrolls of remove curse
 l - a scroll of curse armour {unknown}
 o - a scroll of random uselessness {unknown}
 p - a scroll of curse jewellery
 w - a scroll of fear {unknown}
 H - a scroll of enchant weapon III {unknown}
 I - a scroll of recharging {unknown}
Jewellery
 c - a cursed +6 ring of protection (left hand)
 k - an uncursed amulet of stasis
 z - a cursed ring of wizardry (right hand)
Potions
 e - a potion of paralysis
 f - 2 potions of curing
 i - a potion of might
 n - 2 potions of brilliance {unknown}
 t - 2 potions of restore abilities {unknown}
 v - a potion of mutation {unknown}
 x - 2 potions of magic {unknown}
 A - a potion of poison {unknown}
 C - 2 potions of invisibility {unknown}
 D - 2 potions of degeneration {unknown}
Books
 a - a book of Envenomations

   Spells                             Type                      Level
   Spider Form                        Transmutation/Poison         3
   Poison Weapon                      Charms/Poison                3
   Summon Scorpions                   Summoning/Poison             4
   Olgreb's Toxic Radiance            Poison                       4
   Poisonous Cloud                    Conjuration/Poison/Air       6
 b - a book of Necromancy

   Spells                             Type                      Level
   *Pain                              Necromancy                   1
   *Animate Skeleton                  Necromancy                   1
   Lethal Infusion                    Charms/Necromancy            2
   *Vampiric Draining                 Necromancy                   3
   Regeneration                       Charms/Necromancy            3
   *Animate Dead                      Necromancy                   4
   *Control Undead                    Necromancy                   4
 q - a book of Frost

   Spells                             Type                      Level
   Freeze                             Ice                          1
   Throw Frost                        Conjuration/Ice              2
   Ozocubu's Armour                   Charms/Ice                   3
   Throw Icicle                       Conjuration/Ice              4
   Summon Ice Beast                   Ice/Summoning                4
   Condensation Shield                Ice                          4
 r - a book of Geomancy

   Spells                             Type                      Level
   Sandblast                          Earth                        1
   Stoneskin                          Transmutation/Earth          2
   Passwall                           Transmutation/Earth          3
   Stone Arrow                        Conjuration/Earth            3
   Petrify                            Transmutation/Earth          4
   Lee's Rapid Deconstruction         Earth                        5
 u - a Young Poisoner's Handbook

   Spells                             Type                      Level
   Sting                              Conjuration/Poison           1
   Cure Poison                        Poison                       2
   Mephitic Cloud                     Conjuration/Poison/Air       3
   Olgreb's Toxic Radiance            Poison                       4
   Venom Bolt                         Conjuration/Poison           5
Magical staves
 E - an uncursed staff of death (weapon)


   Skills:
 + Level 0.5 Staves
 - Level 2.7 Dodging
 - Level 4.5 Stealth
 - Level 3.0 Spellcasting
 * Level 12.0 Necromancy
 + Level 3.6 Evocations


You had one spell level left.
You knew the following spells:

 Your Spells              Type           Power        Failure   Level  Hunger
a - Pain                  Necr           ####         1%          1    None
c - Control Undead        Necr           ######....   1%          4    ####...
d - Vampiric Draining     Necr           ######....   1%          3    ###....
s - Animate Skeleton      Necr           N/A          1%          1    None
A - Animate Dead          Necr           N/A          1%          4    ####...


Dungeon Overview and Level Annotations

Branches:
Dungeon (8/16)             Temple (1/1) D:7
   Lair: D:8-11

Altars:
Ashenzari
Cheibriados
Nemelex Xobeh
Okawaru
Sif Muna
Yredelemnul
the Shining One

Shops:
D:4 =}[}=   D:8 ?

Annotations:
D:6 Menkaure
D:8 Joseph


Innate Abilities, Weirdness & Mutations

You heal slowly.
You can bottle blood from corpses.
You have razor-sharp teeth.*
You have supernaturally acute eyesight.
You can survive without breathing.*


Message History

Evoke which item? (* to show all) (? for menu, Esc to quit)
Okay, then.
Read which item? (? for menu, Esc to quit)
Okay, then.
Casting: Vampiric Draining
Confirm with . or Enter, or press ? or * to list all spells.
Aiming: Vampiric Draining
Press: ? - help, Shift-Dir - straight line, f - Joseph
Aim: Joseph, wielding a runed quarterstaff and wearing a ring mail (lightly wounded)
You feel a surge of power!
Joseph is moderately wounded.
You feel life coursing into your body.
* * * LOW MAGIC WARNING * * *
Joseph hits you with an uncursed runed quarterstaff!
* * * LOW HITPOINT WARNING * * *
Joseph unwields an uncursed runed quarterstaff.
Joseph wields an uncursed sling of flame.
It bursts into flame!
Joseph shoots a sling bullet of flame.
The sling bullet of flame hits you!
You die...

#.# .. .#
#####.###
#?......#
#.......###
#.........#
...###((.)@..#.@..
#......@....#
#####.......#
####.#### #..#
##### #.## ...#
#?# #####.####
###.### ....M....#
#.....# .#######.#
#.....#


You could see Joseph.

Vanquished Creatures
  A hill giant (D:7)
  Eustachio (D:8)
  A sky beast (D:7)
  A centaur (D:7)
  3 ogres
  2 giant frogs
  A vampire bat (D:4)
  3 killer bees (D:7)
  A crimson imp (D:5)
  An iguana (D:8)
  2 worker ants (D:5)
  An orc wizard (D:7)
  2 scorpions
  2 mummies
  8 adders
  4 worms
  3 fire bats (D:4)
  A giant eyeball (D:4)
  2 giant geckos
  2 oozes
  7 orcs
  2 bat skeletons (D:4)
  5 giant cockroaches
  14 goblins
  10 hobgoblins
  4 jackals
  13 kobolds
  4 quokkas
  4 training dummies (D:2)
  A ball python (D:4)
  16 bats
  3 giant newts
  A goblin skeleton (D:4)
  13 rats
  A butterfly (D:7)
140 creatures vanquished.

Vanquished Creatures (collateral kills)
  A phantom (D:5)
  2 ogres
  A killer bee (D:7)
  A hound (D:4)
  A goliath beetle (D:7)
  An orc wizard (D:7)
  2 worker ants
  An ogre skeleton (D:4)
  2 adders
  A worm (D:4)
  2 giant geckos
  3 orcs
  2 spectral bats (D:4)
  4 bats
  A bat skeleton (D:4)
  A bat zombie (D:4)
  2 jackals
  A ball python skeleton (D:4)
  A bat simulacrum (D:4)
  An orc zombie (D:7)
  A quokka (D:7)
  2 butterflies (D:7)
34 creatures vanquished.

Vanquished Creatures (others)
  A hill giant zombie (D:7)
  A centaur zombie (D:7)
  2 worker ant zombies
  A human zombie (D:8)
  2 adder zombies
  An iguana zombie (D:8)
  A bat skeleton (D:3)
  7 bat zombies (D:4)
  A bat (D:8)
  A giant cockroach zombie (D:5)
  A goblin zombie (D:4)
  A hobgoblin skeleton (D:3)
  A hobgoblin zombie (D:4)
  A quokka zombie (D:4)
  A rat skeleton (D:3)
23 creatures vanquished.

Grand Total: 197 creatures vanquished

Notes
Turn   | Place    | Note
--------------------------------------------------------------
     0 | D:1      | PolkaDot, the Vampire Necromancer, began the quest for the Orb.
     0 | D:1      | Reached XP level 1. HP: 13/13 MP: 4/4
   202 | D:1      | Learned a level 1 spell: Animate Skeleton
   227 | D:1      | Reached XP level 2. HP: 17/19 MP: 1/5
   669 | D:2      | Reached XP level 3. HP: 18/24 MP: 2/7
  1048 | D:2      | Found an iron altar of Okawaru.
  1646 | D:3      | Noticed an ogre
  1736 | D:3      | Reached XP level 4. HP: 30/30 MP: 8/8
  1810 | D:3      | Reached skill level 5 in Necromancy
  1821 | D:3      | Found a glowing golden altar of the Shining One.
  2064 | D:3      | Learned a level 4 spell: Animate Dead
  2651 | D:4      | Found Maim's Antique Armour Boutique.
  2652 | D:4      | Found Schuwugiok's Jewellery Boutique.
  2653 | D:4      | Found Kuodgh's Gadget Shop.
  2661 | D:4      | Bought a glowing helmet for 77 gold pieces
  2716 | D:4      | Reached XP level 5. HP: 23/35 MP: 3/10
  2777 | D:4      | Reached skill level 6 in Necromancy
  2946 | D:4      | Reached skill level 7 in Necromancy
  2946 | D:4      | Reached XP level 6. HP: 33/41 MP: 3/11
  3015 | D:4      | Noticed an ogre
  3025 | D:4      | Killed an ogre
  3114 | D:4      | Noticed an ogre
  3120 | D:4      | Killed an ogre
  3120 | D:4      | Reached skill level 8 in Necromancy
  3174 | D:4      | Found Unorim's Jewellery Emporium.
  3230 | D:4      | Found Qaun's Gadget Shoppe.
  3425 | D:4      | Reached XP level 7. HP: 44/46 MP: 13/13
  3618 | D:5      | Entered Level 5 of the Dungeon
  3623 | D:5      | Learned a level 3 spell: Vampiric Draining
  3692 | D:5      | Killed an ogre
  3692 | D:5      | Reached skill level 9 in Necromancy
  4192 | D:5      | Got a faintly glowing helmet
  4196 | D:5      | Identified the +1 helmet "Smelaype" {rElec rC+ Int-2} (You found it on level 5 of the Dungeon)
  4290 | D:5      | Found a sparkling altar of Nemelex Xobeh.
  4723 | D:6      | Noticed Menkaure
  4798 | D:7      | Noticed a hill giant
  4819 | D:7      | Reached skill level 10 in Necromancy
  4854 | D:7      | Reached XP level 8. HP: 47/52 MP: 14/14
  4941 | D:7      | Found a staircase to the Ecumenical Temple.
  4984 | Temple   | Entered the Ecumenical Temple
  4993 | Temple   | Became a worshipper of Sif Muna the Loreminder
  5039 | D:7      | Got a dull robe
  5045 | D:7      | Identified the +1 robe "Estast" {Str+4 Int+3} (You found it on level 7 of the Dungeon)
  5079 | D:7      | Killed a hill giant
  5079 | D:7      | Reached skill level 11 in Necromancy
  5356 | D:7      | Learned a level 4 spell: Control Undead
  5405 | D:7      | Acquired Sif Muna's first power
  5762 | D:8      | Reached XP level 9. HP: 21/57 MP: 18/18
  6225 | D:8      | Found Qiato's Magic Scroll Shoppe.
  6238 | D:8      | Noticed Eustachio
  6259 | D:8      | Killed Eustachio
  6259 | D:8      | Reached skill level 12 in Necromancy
  6423 | D:8      | Noticed Joseph
  6430 | D:8      | Your ally Eustachio died
  6441 | D:8      | Shot with a sling bullet of flame by Joseph

Action                   |  1- 3 |  4- 6 |  7- 9 || total
-------------------------+-------+-------+-------++-------
Melee: Unarmed           |    24 |       |       ||    24
       Dagger            |    47 |   206 |   171 ||   424
       Staff             |       |       |    80 ||    80
 Cast: Pain              |    56 |    11 |     7 ||    74
       Animate Skeleton  |     7 |     4 |       ||    11
       Animate Dead      |       |    12 |    20 ||    32
       Vampiric Draining |       |       |    14 ||    14
       Control Undead    |       |       |     5 ||     5
Evoke: Wand              |       |       |     2 ||     2
  Use: Potion            |     1 |       |     3 ||     4
       Scroll            |       |     1 |    10 ||    11
 Stab: Sleeping          |     2 |     7 |     4 ||    13
       Distracted        |       |     1 |     2 ||     3
